 Dungeon Crawl Stone Soup version 0.31-a0-557-g6e16503903 (webtiles) character file.

Game seed: 3470718203352848124

31577 Arcadio the Fighter (level 13, 0/97 (113) HPs)
             Began as a Formicid Fighter on Aug 15, 2023.
             Was a Priest of Qazlal.
             Slain by a dream sheep (3 damage)
             ... on level 4 of the Lair of Beasts on Aug 16, 2023.
             The game lasted 00:54:25 (19598 turns).

Arcadio the Fighter (Formicid Fighter)             Turns: 19598, Time: 00:54:26

HP:   0/97 (113)    AC: 18    Str: 26    XL:     13   Next: 97%
MP:   19/19         EV:  7    Int:  8    God:    Qazlal [***...]
Gold: 670           SH:  9    Dex: 13    Spells: 12/12 levels left

rFire   . . .        s - +1 flail (venom)
rCold   . . .        c - +0 buckler
rNeg    . . .        p - +0 plate armour
rPois   +            (helmet unavailable)
rElec   .            (no cloak)
rCorr   +            (no gloves)
SInv    +            l - +0 pair of boots
Will    +....        A - amulet of magic regeneration Stlth
                     h - ring of poison resistance
HPRegen 0.36/turn    o - ring of resist corrosion
MPRegen 0.56/turn

%: no passive effects
@: mighty, heavily drained
A: permanent stasis, dig shafts and tunnels, antennae 3, four strong arms
a: Dig, Shaft Self, Renounce Religion, Upheaval, Elemental Force


You were on level 4 of the Lair of Beasts.
You worshipped Qazlal.
Qazlal was most pleased with you.
You visited 2 branches of the dungeon, and saw 16 of its levels.
You also visited: Sewer and Bailey.

You collected 872 gold pieces.
You spent 202 gold pieces at shops.

Inventory:

Hand Weapons
 a - a +0 long sword
 b - a +2 sling of draining
 s - a +1 flail of venom (weapon)
Armour
 c - a +0 buckler (worn)
 l - a +0 pair of boots (worn)
 m - a +0 scale mail
 p - a +0 plate armour (worn)
 t - +0 steam dragon scales
Jewellery
 h - a ring of poison resistance (left hand)
 k - a ring of positive energy
 o - a ring of resist corrosion (right hand)
 A - an amulet of magic regeneration (around neck)
 C - a ring of positive energy
Wands
 f - a wand of mindburst (6)
 v - a wand of charming (5)
 x - a wand of quicksilver (2)
 z - a wand of flame (4)
 D - a wand of polymorph (15)
Scrolls
 g - 5 scrolls of immolation
 n - 3 scrolls of poison
 w - a scroll of enchant armour
 B - a scroll of vulnerability
 F - 2 scrolls of enchant weapon
 G - 2 scrolls of revelation {unknown}
 J - 2 scrolls of blinking {unknown}
 L - a scroll of acquirement {unknown}
Potions
 d - 2 potions of might
 e - a potion of mutation
 i - a potion of cancellation
 j - 3 potions of attraction
 u - a potion of resistance
 I - a potion of lignification {unknown}
 K - 2 potions of brilliance


   Skills:
 + Level 14.2 Fighting
 - Level 3.7 Long Blades
 + Level 12.1 Maces & Flails
 + Level 14.0 Armour
 - Level 5.0 Shields
 - Level 8.0 Invocations


You had 12 spell levels left.
You didn't know any spells.
Your spell library contained the following spells:

 Spells                   Type           Power      Damage    Failure   Level
 Slow                     Hex            0%         N/A       98%         1
 Ensorcelled Hibernation  Hex/Ice        0%         N/A       99%         2
 Confusing Touch          Hex            0%         N/A       100%        3
 Stone Arrow              Conj/Erth      0%         3d7       100%        3
 Vampiric Draining        Necr           0%         2d6       100%        3
 Anguish                  Hex/Necr       0%         N/A       100%        4
 Animate Armour           Summ/Erth      0%         N/A       100%        4
 Cause Fear               Hex            0%         N/A       100%        4
 Summon Forest            Summ/Tloc      0%         N/A       100%        5
 Eringya's Noxious Bog    Tmut/Pois      0%         4d6       100%        6
 Enfeeble                 Hex            0%         N/A       100%        7
 Summon Hydra             Summ           0%         N/A       100%        7
 Lehudib's Crystal Spear  Conj/Erth      0%         10d2      100%        8


Dungeon Overview and Level Annotations

Branches:
Dungeon (11/15) Zot: 26626    Lair (5/5) D:8 Zot: 21262  Shoals (0/4) Lair:2
 Spider (0/4) Lair:2        Slime (0/5) Lair:4          Orc (0/2) D:10
  Sewer (visited)          Bailey (visited)
 Temple: D:4-7

Altars:
Cheibriados
Fedhas
Qazlal
Trog
Xom
Yredelemnul

Shops:
D:10 ?

Annotations:
D:4 Dowan, Duvessa
Lair:1 exclusion: oklob plant
Lair:2 6 runed translucent doors


Innate Abilities, Weirdness & Mutations

You cannot be hasted, slowed, berserked, paralysed or teleported.
You can dig through walls and to a lower floor.
You have a pair of large antennae on your head. (SInv)
Your four strong arms can wield two-handed weapons with a shield.


Message History

The wolf spider bites you but does no damage.
You hear a bleat! x2
There is a stone staircase leading up, spattered with blood here.
The wolf spider barely misses you.
The wolf spider bites you but does no damage.
The dream sheep bites you but does no damage.
You block the dream sheep's attack.
You climb upwards.
There is a stone staircase leading down here.
You barely miss the dream sheep. The wolf spider hits you!
The wolf spider completely misses you. The dream sheep bites you. x2
You closely miss the wolf spider. The wolf spider hits you!
You block the wolf spider's attack.
The dream sheep bites you but does no damage. x2
You block the wolf spider's attack.
The wolf spider bites you but does no damage.
You hit the dream sheep.
The dream sheep is poisoned.
The dream sheep is moderately wounded.
The wolf spider hits you!
* * * LOW HITPOINT WARNING * * *
You block the wolf spider's attack.
The dream sheep shake their wool and sparkle.
You feel drowsy...
You fall asleep.
The dream sheep bites you!!
You wake up.
* * * LOW HITPOINT WARNING * * *
Unknown command.
Okay, then.
You extend your mandibles.
You dig through the rock wall.
You feel drained.
The dream sheep bites you but does no damage.
You retract your mandibles.
You feel very mighty all of a sudden.
The wolf spider is engulfed in blazing flames.
The dream sheep bites you but does no damage.
You barely miss the dream sheep.
The dream sheep is moderately wounded.
You closely miss the wolf spider.
The wolf spider is lightly wounded.
The dream sheep bites you.
You die...

.....P.#.......## #.#
.......#.....#.# ##.#
........###...## ##.##
........###....### ##..#
.........#.......###
###..##
............##.....###.#.##
...........PP#.....PP#...#
.............#.#........##
............####@P.....##
..............#Y#s......##
...........#.#Y...####...#
.............รท..#P#
#...### ............#.#####
##....# ..........##.##
###.##### .#..#...######
#...##.# ######..##
#.#)..## #P.##..#.# ##.#..#


You could see a wolf spider and 2 dream sheep.

Vanquished Creatures
  Rupert (Lair:4)
  Gastronok (Lair:3)
  2 hydras (Lair:4)
  A boulder beetle (Lair:3)
  2 two-headed ogres (D:9)
  2 tengu warriors (D:10)
  A skyshark (Lair:3)
  A wolf spider (Lair:2)
  6 elephants (Lair:4)
  3 black mambas
  6 cane toads
  A kobold demonologist (D:9)
  6 komodo dragons
  Maggie (D:6)
  2 tengu conjurers (D:10)
  An unseen horror (D:11)
  4 rime drakes
  A troll (D:10)
  A polar bear (Lair:4)
  A tarantella (Lair:2)
  A dream sheep (Lair:5)
  4 blink frogs (Lair:2)
  5 jumping spiders (Lair:2)
  A shadow (D:10)
  3 wraiths
  12 yaks
  6 humans (Bailey)
  4 wyverns
  A steam dragon (D:7)
  2 basilisks
  13 water moccasins
  4 orc warriors
  Pargi (Sewer)
  2 black bears
  3 sky beasts
  An ogre (D:6)
  19 wolves
  2 phantoms
  5 kobold brigands
  12 bullfrogs
  A scorpion (D:7)
  3 wights
  7 killer bees
  13 jellies
  2 electric eels (Lair:3)
  5 howler monkeys
  3 hounds
  7 orc priests
  5 iguanas
  9 orc wizards
  3 gnolls (D:7)
  6 adders
  4 river rats (D:5)
  2 white imps (D:7)
  2 ufetubi
  4 dart slugs
  47 orcs
  5 ball pythons
  5 endoplasms
  2 giant cockroaches
  12 goblins
  6 hobgoblins
  9 jackals
  36 kobolds
  9 quokkas
  10 bats
  2 frilled lizards (D:3)
  5 rats
369 creatures vanquished.

Vanquished Creatures (collateral kills)
  2 two-headed ogres (D:10)
  A pharaoh ant (Lair:2)
  A cane toad (Lair:2)
  2 vampire mosquitoes (D:11)
  An acid dragon (D:9)
  A black bear (Lair:4)
  A centaur (D:10)
  4 bullfrogs (Bailey)
13 creatures vanquished.

Grand Total: 382 creatures vanquished

Notes
Turn   | Place    | Note
-------+----------+-------------------------------------------
     0 | D:1      | Arcadio the Formicid Fighter began the quest for the Orb.
     0 | D:1      | Reached XP level 1. HP: 18/18 MP: 1/1
   143 | D:1      | Reached XP level 2. HP: 18/24 MP: 2/2
   573 | D:1      | Reached XP level 3. HP: 25/29 MP: 3/3
   981 | D:2      | Reached XP level 4. HP: 31/37 MP: 4/4
  1086 | D:2      | Found a stormy altar of Qazlal.
  1093 | D:2      | Became a worshipper of Qazlal Stormbringer
  1701 | D:3      | Reached XP level 5. HP: 42/42 MP: 5/5
  1754 | D:3      | Reached skill level 5 in Shields
  1927 | D:3      | Reached * piety under Qazlal
  2124 | D:3      | Reached XP level 6. HP: 36/49 MP: 6/6
  2812 | D:4      | Noticed Duvessa
  2815 | D:4      | Noticed Dowan
  2828 | D:4      | You fall into a shaft and drop 1 floor!
  2828 | D:5      | Entered Level 5 of the Dungeon
  3143 | D:5      | Found a glowing drain.
  3153 | Sewer    | Entered a sewer
  3179 | Sewer    | Noticed Pargi
  3189 | Sewer    | Killed Pargi
  3190 | Sewer    | Reached skill level 5 in Fighting
  3190 | Sewer    | Reached skill level 1 in Maces & Flails
  3190 | Sewer    | Reached skill level 5 in Armour
  3190 | Sewer    | Reached XP level 7. HP: 52/56 MP: 7/7
  3307 | Sewer    | Reached ** piety under Qazlal
  3620 | D:4      | You fall into a shaft and drop 3 floors!
  4051 | D:7      | Reached XP level 8. HP: 64/64 MP: 8/8
  4264 | D:7      | Reached XP level 9. HP: 58/72 MP: 9/9
  4286 | D:7      | Reached *** piety under Qazlal
  4287 | D:7      | Reached skill level 5 in Maces & Flails
  4503 | D:7      | Found a snail-covered altar of Cheibriados.
  4503 | D:7      | Found a bloodstained altar of Trog.
  5083 | D:6      | Noticed Maggie
  5100 | D:6      | Killed Maggie
  5326 | D:6      | Found a shimmering altar of Xom.
  6369 | D:8      | Reached XP level 10. HP: 56/83 MP: 10/10
  6517 | D:8      | Identified the +4 scale mail of the Manifold Planets {-Cast
                  | rC- Will+++ Stlth+}
  6638 | D:8      | Found a flagged portal.
  6643 | Bailey   | Entered a bailey
  6671 | Bailey   | Reached skill level 1 in Invocations
  7316 | Bailey   | Reached skill level 10 in Fighting
  7511 | Bailey   | Noticed a vault guard
  7520 | Bailey   | Noticed Prince Ribbit
  7520 | Bailey   | Noticed a vault guard
  7659 | D:8      | Found a staircase to the Lair.
  8419 | Lair:1   | Entered Level 1 of the Lair of Beasts
  8419 | Lair:1   | Noticed a komodo dragon
  8428 | D:8      | Reached skill level 10 in Armour
  8492 | D:9      | Noticed a two-headed ogre
  8510 | D:9      | Killed a two-headed ogre
  8511 | D:9      | Reached XP level 11. HP: 66/92 MP: 10/14
  8592 | D:9      | Found a basalt altar of Yredelemnul.
  8779 | D:9      | Noticed a two-headed ogre
  8789 | D:9      | Killed a two-headed ogre
  8790 | D:9      | Reached skill level 5 in Invocations
  9490 | D:10     | Entered Level 10 of the Dungeon
  9490 | D:10     | Noticed a two-headed ogre
  9495 | D:10     | Killed a two-headed ogre
  9566 | D:10     | Found Fotailiv's Magic Scroll Shop.
  9569 | D:10     | Bought a scroll of identify for 30 gold pieces
  9569 | D:10     | Bought a scroll of identify for 30 gold pieces
  9569 | D:10     | Bought a scroll of silence for 142 gold pieces
  9652 | D:10     | Noticed a tengu warrior
  9662 | D:10     | Noticed a two-headed ogre
  9708 | D:10     | Killed a two-headed ogre
  9985 | D:10     | Noticed a tengu warrior
 10069 | D:10     | Killed a tengu warrior
 10070 | D:10     | Reached XP level 12. HP: 66/100 MP: 15/17
 10259 | D:10     | Found a staircase to the Orcish Mines.
 10466 | D:10     | You fall into a shaft and drop 1 floor!
 10476 | D:11     | HP: 4/84 [vampire mosquito (4)]
 10718 | D:11     | Noticed Psyche
 10719 | D:11     | Psyche changed into Psyche the unseen horror
 10719 | D:11     | Noticed Psyche
 10732 | D:11     | Killed Psyche the unseen horror
 10938 | Lair:1   | Identified the +0 robe of Delightful Brilliance {Harm Str-3
                  | Int+3}
 11381 | Lair:1   | Found a blossoming altar of Fedhas.
 12497 | Lair:1   | Reached skill level 10 in Maces & Flails
 12934 | Lair:2   | Found a staircase to the Shoals.
 12993 | Lair:2   | Noticed a pharaoh ant
 13001 | Lair:2   | Killed a pharaoh ant
 13152 | Lair:2   | Found a hole to the Spider Nest.
 13226 | Lair:2   | Identified the +2 chain mail of the Invisible Hand {Drain
                  | rElec rN+++ Will+}
 13253 | Lair:2   | HP: 2/103 [blink frog (11)]
 13590 | Lair:2   | Found a runed translucent door.
 14075 | Lair:2   | Identified the +1 hat of Complete Protection {rN+}
 14077 | Lair:2   | Found a runed translucent gate.
 14077 | Lair:2   | Found a runed translucent gate.
 14077 | Lair:2   | Found a runed translucent gate.
 14077 | Lair:2   | Found a runed translucent gate.
 14077 | Lair:2   | Found a runed translucent gate.
 14077 | Lair:2   | Noticed a boulder beetle
 14078 | Lair:2   | Found a runed translucent gate.
 14079 | Lair:2   | Noticed a boulder beetle
 14371 | Lair:3   | Reached XP level 13. HP: 89/109 MP: 19/19
 15784 | Lair:3   | Noticed Gastronok
 15818 | Lair:3   | Killed Gastronok
 16658 | Lair:4   | Noticed Rupert
 16681 | Lair:4   | Killed Rupert
 17284 | Lair:4   | Noticed an eight-headed hydra
 17296 | Lair:4   | Killed an eight-headed hydra
 17663 | Lair:4   | Noticed an eight-headed hydra
 17684 | Lair:4   | Killed an eight-headed hydra
 18121 | Lair:4   | Upgraded the game from 0.31-a0-544-gceb718ecc6 to
                  | 0.31-a0-557-g6e16503903
 18168 | Lair:4   | Found a staircase to the Slime Pits.
 19308 | Lair:5   | Entered Level 5 of the Lair of Beasts
 19593 | Lair:4   | HP: 1/100 [dream sheep (18)]
 19598 | Lair:4   | Slain by a dream sheep

Illustrated notes

Levels and vault maps discovered:
D:1:      dpeg_arrival_chambers_temple_mockup, layout_basic,
          hangedman_decor_clover_reticule, minmay_stone_trees_medium,
          nrook_loot_triangle
D:2:      minmay_kobold_bridge, layout_basic, basic_altar
D:3:      cheibrodos_pilgrimage, layout_loops_corners, chequers_garden
D:4:      layout_loops_corners, zin_academy, mainiacjoe_overflow_cross_hatched,
          temple_statues, uniq_duvessa
D:5:      lemuel_ratsnest, layout_rooms, nzn_wu_jian_council_hall,
          lightli_sewer_entry_pipes, water_boxes_lemuel
D:6:      layout_basic, mainiacjoe_overflow_boulevard, uniq_maggie
D:7:      cheibrodos_barr_body, layout_loops_cross,
          gammafunk_temple_overflow_pools
D:8:      layout_basic, lair_entry_dummy, enter_bailey_3, serial_park_tiny_1,
          roderic_serpentine_path
D:9:      layout_gridville, mainiacjoe_overflow_six_doors_small
D:10:     layout_cave_pods, hiddenorc2_lemuel, serial_shops,
          nicolae_shop_real_fake_doors
D:11:     layout_loops_cross, enter_trove_1, serial_shops, shop, uniq_urug,
          uniq_psyche
Lair:1:   layout_regular_city, tgw_fedhas, grunt_megastairs_1
Lair:2:   gammafunk_indiana_jones, layout_regular_city,
          elwin_shoals_entry_rocks, nicolae_spider_entry_lesser_pyramids,
          nicolae_volcano_entry_s_turn
Lair:3:   layout_long_grid, grunt_megastairs_3, infiniplex_staircase_pool,
          serial_bayou_shore_a, serial_bayou_shore_b, uniq_gastronok
Lair:4:   layout_cave_pods, minmay_slime_entry_jelly_boxes, uniq_rupert
Lair:5:   due_jungle_book, layout_concentric_octagons,
          dreamdust_mushroom_princess, serial_bayou_pond_d, roderic_batcave,
          hangedman_lair_unloving_vines, minmay_stone_trees_small

Skill      XL: |  1  2  3  4  5  6  7  8  9 10 11 12 13 |
---------------+----------------------------------------+-----
Fighting       | 4 5 6 7 9 10 11 12 14 | 14.2
Armour         | 4 5 7 8 10 11 12 14 | 14.0
Long Blades    | 3 |  3.7
Shields        | 5 |  5.0
Maces & Flails | 1 2 4 6 8 9 10 12 | 12.1
Invocations    | 4 6 8 |  8.0

Action                     |  1- 3 |  4- 6 |  7- 9 | 10-12 | 13-15 || total
---------------------------+-------+-------+-------+-------+-------++-------
  Melee: Long sword        |    92 |   206 |       |       |       ||   298
         Flail             |       |    31 |   275 |   532 |   332 ||  1170
   Fire: Sling             |       |    20 |       |       |       ||    20
 Invoke: Elemental Force   |       |       |       |     8 |     2 ||    10
         Upheaval          |       |       |       |     2 |     1 ||     3
Ability: Shaft Self        |       |     1 |     1 |     1 |       ||     3
         Dig               |       |     1 |       |     1 |     4 ||     6
  Evoke: Wand              |       |       |       |    15 |     7 ||    22
    Use: Scroll            |     1 |     8 |     2 |     4 |     7 ||    22
         Potion            |       |       |     3 |     6 |     6 ||    15
 Armour: Scale mail        |    53 |   120 |    85 |   184 |   133 ||   575
         Plate armour      |       |       |       |       |    12 ||    12
  Dodge: Dodged            |    46 |   124 |    83 |   206 |   127 ||   586
  Block: Buckler           |    27 |    85 |   100 |   252 |   146 ||   610

Table legend: (Time is in decaauts)
 A = Elapsed time spent in this place.
 B = Non-inter-level travel time spent in this place.
 C = Inter-level travel time spent in this place.
 D = Time resting spent in this place.
 E = Time spent auto-exploring this place.
 F = Levels seen in this place.
 G = Mean time per level.
                   A        B        C        D        E       F      G
               +--------+--------+--------+--------+--------+-----+--------+
         Total |  19783 |  19254 |    529 |   6430 |   8931 |  18 | 1099.1 |
       Dungeon |   9930 |   9506 |    424 |   1995 |   5193 |  11 |  902.7 |
          Lair |   8736 |   8631 |    105 |   3732 |   3664 |   5 | 1747.2 |
         Sewer |    202 |    202 |      0 |      0 |     74 |   1 |  202.0 |
        Bailey |    913 |    913 |      0 |    703 |      0 |   1 |  913.0 |
               +--------+--------+--------+--------+--------+-----+--------+

Top non-repeatable levels by time:
  Lair:3: 2930 daAuts
  Lair:4: 2334 daAuts
  Lair:1: 1868 daAuts
  Lair:2: 1592 daAuts
     D:8: 1381 daAuts
     D:6: 1338 daAuts
     D:7: 1323 daAuts
     D:3: 1172 daAuts
     D:9: 1038 daAuts
    D:10: 984 daAuts
  Bailey: 913 daAuts
     D:1: 878 daAuts
     D:2: 641 daAuts
     D:5: 473 daAuts
     D:4: 405 daAuts
